 Dungeon Crawl Stone Soup version 5.7-8-g3a8b389 (webtiles) character file.

6056 bazoo the Basher (level 12, -3/112 HPs)
             Began as a Naga Gladiator on Sept 17, 2018.
             Was an Elder of Makhleb.
             Killed from afar by a catoblepas (4 damage)
             ... with a blast of calcifying dust
             ... on level 12 of the Dungeon on Oct 2, 2018.
             The game lasted 00:43:42 (11057 turns).

bazoo the Basher (Naga Gladiator)                  Turns: 11057, Time: 00:43:42

Health: -3/112     AC: 17 (0%)Str: 19   XL:     12   Next: 42%
Magic:  17/17      EV: 10    Int: 11    God:    Makhleb [4*[119]]
Gold:   58         SH:  5    Dex: 13    Spells: 17/18 levels left

rFire    . . .     SeeInvis +   R - +2 broad axe (drain)
rCold    . . .     Faith    .   T - +0 buckler
rNeg     . . .     Spirit   .   F - +2 robe "Leong" {Regen+}
rPois    +         Reflect  .   W - +2 helmet {MR+}
rElec    .                      J - +0 cloak
rCorr    .                      Q - +2 pair of gloves
MR       ++...                  (no barding)
Stlth    +.........             (no amulet)
Regen    0.7/turn               i - +3 ring of slaying
MPRegen  0.3/turn               H - +3 ring of protection

@: lethally poisoned (-3 -> -7), very slow
A: stinger, see invisible, deformed body, mutation resistance 1, poison
resistance, slowness 2, spit poison 1, constrict 1, AC +4
a: Spit Poison, Minor Destruction, Lesser Servant of Makhleb, Hurl Damnation,
Renounce Religion


You were on level 12 of the Dungeon.
You worshipped Makhleb.
Makhleb was greatly pleased with you.
You were not hungry.

You visited 2 branches of the dungeon, and saw 13 of its levels.
You visited the bazaar 1 time.

You collected 976 gold pieces.
You spent 918 gold pieces at shops.

Inventory:

Hand Weapons
 a - a +0 flail
 G - a +2 whip of freezing
 R - a +2 broad axe of draining (weapon)
Missiles
 d - 93 poisoned darts (quivered)
 e - 3 curare darts
 p - a tomahawk
 w - 26 frenzy darts
Armour
 b - a +0 leather armour
 g - a +0 robe
 u - a +0 ring mail
 z - a +1 robe of cold resistance
 F - the +2 robe "Leong" (worn) {Regen+}
   (You found it on level 5 of the Dungeon)

   It increases your rate of regeneration.
 J - a +0 cloak (worn)
 Q - a +2 pair of gloves (worn)
 T - a +0 buckler (worn)
 W - a +2 helmet of magic resistance (worn)
Magical Staves
 L - an uncursed staff of summoning
Jewellery
 f - a +3 ring of evasion
 i - a +3 ring of slaying (left hand)
 k - an uncursed ring of fire
 o - an uncursed ring of positive energy
 B - an uncursed ring of resist corrosion
 C - a +5 ring of dexterity
 H - a +3 ring of protection (right hand)
 I - a +5 ring of strength
Wands
 n - a wand of iceblast (10)
 y - a wand of flame (10)
 N - a wand of confusion (14)
 O - a wand of acid (3)
 X - a wand of lightning (6)
Scrolls
 c - 4 scrolls of fog
 h - 3 scrolls of immolation
 l - 2 scrolls of magic mapping
 q - 5 scrolls of blinking
 v - 3 scrolls of fear
 D - 5 scrolls of amnesia
 K - a scroll of teleportation
 M - a scroll of silence
 P - a scroll of enchant armour
Potions
 j - a potion of magic
 m - a potion of mutation
 r - 2 potions of resistance
 s - a potion of heal wounds
 t - 2 potions of augmentation
 x - a potion of invisibility
 E - a potion of haste
 S - a potion of lignification
 U - a potion of flight
Miscellaneous
 A - a lamp of fire
 V - 2 sacks of spiders


   Skills:
 - Level 8.6 Fighting
 * Level 9.8(12.4) Axes
 - Level 12.5(13.7) Maces & Staves
 - Level 1.7 Throwing
 - Level 2.4 Dodging
 + Level 3.8 Shields
 - Level 6.8 Invocations
 - Level 4.2 Evocations


You had 17 spell levels left.
You knew the following spells:

 Your Spells              Type           Power        Failure   Level  Hunger
a - Summon Butterflies    Summ           0 (100)      34%         1    N/A

Your spell library contained the following spells:

 Spells                   Type           Power        Failure   Level  Hunger
 Apportation              Tloc           0 (1000)     34%         1    N/A
 Bolt of Fire             Fire           0 (200)      100%        6    N/A
 Invisibility             Hex            0 (200)      100%        7    N/A
 Death's Door             Chrm/Necr      0 (200)      100%        8    N/A
 Summon Small Mammal      Summ           0 (25)       34%         1    N/A
 Haunt                    Necr/Summ      0 (200)      100%        7    N/A
 Borgnjor's Revivificati  Necr           0 (200)      100%        8    N/A
 Ozocubu's Refrigeration  Ice            0 (200)      100%        7    N/A
 Summon Ice Beast         Ice/Summ       0 (100)      98%         4    N/A
 Call Imp                 Summ           0 (100)      47%         2    N/A
 Tukima's Dance           Hex            0 (100)      71%         3    N/A
 Necromutation            Tmut/Necr      0 (200)      100%        6    N/A
 Call Canine Familiar     Summ           0 (100)      71%         3    N/A
 Alistair's Intoxication  Tmut           0 (100)      100%        5    N/A
 Orb of Destruction       Erth           0 (200)      100%        7    N/A
 Iskenderun's Battlesphe  Chrm/Summ      0 (100)      100%        5    N/A
 Fulminant Prism          Air            0 (200)      100%        5    N/A
 Summon Lightning Spire   Summ/Air       0 (100)      98%         4    N/A
 Summon Guardian Golem    Hex/Summ       0 (100)      71%         3    N/A
 Spellforged Servitor     Summ           0 (200)      100%        7    N/A
 Infestation              Hex/Necr       0 (200)      100%        7    N/A
 Lesser Beckoning         Tloc           0 (100)      71%         3    N/A

Dungeon Overview and Level Annotations

Branches:
Dungeon (12/15)

Altars:
Cheibriados
Dithmenos
Elyvilon
Gozag
Jiyva
Kikubaaqudgha
Lugonu
Makhleb
Nemelex Xobeh
Okawaru
Qazlal
Ru
Sif Muna
Trog
Uskayaw
Vehumet
Wu Jian
Xom
Yredelemnul
Zin
The Shining One

Shops:
Bazaar [!:}


Innate Abilities, Weirdness & Mutations

You cannot wear boots.
Your serpentine skin is tough. (AC +4)
You have supernaturally acute eyesight. (SInv)
Armour fits poorly on your strangely shaped body.
Your system is resistant to poisons. (rPois)
You cover ground very slowly.
You can spit poison.
You can use your snake-like lower body to constrict enemies.
Your tail ends in a sharp poisonous barb.
You are somewhat resistant to further mutation.


Message History

You hit the catoblepas but do no damage.
You constrict the wolf spider (1).
You feel extremely sick. The wolf spider hits you (8)!
* * * LOW HITPOINT WARNING * * *
The wolf spider bites you (5).
* * * LOW HITPOINT WARNING * * *
You are more poisoned.
The wolf spider poisons you!
The catoblepas breathes a plume of calcifying dust at you.
The blast of calcifying dust hits you!
That hurt (2)!
* * * LOW HITPOINT WARNING * * *
You release your grip on the wolf spider.
You feel extremely sick.
The wolf spider is engulfed in calcifying dust (0).
The wolf spider is moving more slowly.
The wolf spider barely misses you.
The wolf spider bites you but does no damage.
The catoblepas breathes a plume of calcifying dust at you.
The blast of calcifying dust hits you!
That hurt (4)!
You die...

.####..........................##
## ##...........##.P###........P
## #.......##..# #. ##.#....P. P#
##.....#..# ## .......#. ##
####...######### #.......## #
#...##...Y..# ##.......
#..#..#.Y##§Y# ..P.....
#..#..##s§# s# #..###..#§@## #
#.. #..##..# ..# ##..#..## #..
#..##..# ..# ##..#..## #..##..#
##..#.)# #..##.# ##..#.#


You could see a catoblepas and a wolf spider (petrifying).

Vanquished Creatures
  A centaur warrior (D:12)
  Erica (D:8)
  4 two-headed ogres
  An orc high priest (D:11)
  2 unseen horrors (D:12)
  Pikel (D:6)
  An ugly thing (D:12)
  A centaur zombie (D:10)
  A guardian serpent (D:10)
  2 rime drakes
  3 trolls
  4 blink frogs (D:10)
  Grinder (D:4)
  5 yaks (D:8)
  2 shadows
  3 wyverns
  Grum (D:8)
  An angry ghost (D:11)
  A steam dragon (D:10)
  A water moccasin (D:9)
  3 orc warriors
  3 slaves (D:6)
  2 wasps
  2 ice beasts
  3 wolves (D:8)
  5 ogres
  15 crocodiles (D:11)
  15 centaurs
  3 wyvern zombies
  3 bullfrogs
  A wyvern skeleton (D:9)
  5 scorpions
  5 crimson imps
  2 howler monkeys (D:7)
  4 wights (D:8)
  An electric eel (D:11)
  A wasp zombie (D:10)
  2 hounds (D:5)
  6 jellies
  4 orc priests
  A gnoll shaman (D:6)
  2 orc wizards
  3 worker ants
  6 iguanas
  2 hound skeletons
  Samantha (D:4)
  6 gnolls
  11 adders
  An ooze (D:4)
  2 adder skeletons (D:4)
  4 dart slugs
  24 orcs
  5 quokkas
  10 bats
  3 giant cockroaches
  13 goblins
  8 hobgoblins
  6 jackals
  9 kobolds
  2 ball pythons
  17 frilled lizards
  A quokka skeleton (D:5)
  5 rats
  A fungus (D:11)
  A plant (D:2)
266 creatures vanquished.

Vanquished Creatures (collateral kills)
  A jelly (D:6)
  2 gnolls (D:6)
  An adder (D:6)
  An orc (D:6)
5 creatures vanquished.

Vanquished Creatures (others)
  A hound (D:6)
  A shadow imp (D:6)
  4 fungi (D:12)
  4 plants (D:12)
10 creatures vanquished.

Grand Total: 281 creatures vanquished

Notes
Turn   | Place    | Note
-------+----------+-------------------------------------------
     0 | D:1      | bazoo the Naga Gladiator began the quest for the Orb.
     0 | D:1      | Reached XP level 1. HP: 19/19 MP: 2/2
    79 | D:1      | Reached XP level 2. HP: 26/26 MP: 3/3
   678 | D:1      | Reached skill level 4 in Maces & Staves
   720 | D:1      | Reached XP level 3. HP: 32/32 MP: 5/5
  1451 | D:2      | Found a white marble altar of Elyvilon.
  1641 | D:2      | Reached XP level 4. HP: 17/39 MP: 6/6
  1660 | D:2      | Reached skill level 5 in Maces & Staves
  1863 | D:2      | Found a faded altar of an unknown god.
  1872 | D:2      | Became a worshipper of Makhleb the Destroyer
  1872 | D:2      | Reached * piety under Makhleb
  1931 | D:2      | Found a glowing golden altar of the Shining One.
  2066 | D:2      | Found a bloodstained altar of Trog.
  2066 | D:2      | Found a viscous altar of Jiyva.
  2066 | D:2      | Found a snail-covered altar of Cheibriados.
  2066 | D:2      | Found an ancient bone altar of Kikubaaqudgha.
  2071 | D:2      | Found a glowing silver altar of Zin.
  2071 | D:2      | Found an opulent altar of Gozag.
  2479 | D:2      | Gained mutation: You are somewhat resistant to further mutation. [mutagenic hatch]
  2479 | D:3      | Found a shadowy altar of Dithmenos.
  2523 | D:3      | Reached XP level 5. HP: 45/45 MP: 7/7
  2714 | D:3      | Reached ** piety under Makhleb
  2729 | D:3      | Reached skill level 6 in Maces & Staves
  2732 | D:3      | Found a corrupted altar of Lugonu.
  2738 | D:3      | Found a stormy altar of Qazlal.
  2806 | D:3      | Found a shimmering altar of Xom.
  2905 | D:3      | Reached XP level 6. HP: 52/52 MP: 9/9
  3286 | D:4      | Reached skill level 7 in Maces & Staves
  3486 | D:4      | Found a sacrificial altar of Ru.
  3543 | D:4      | Gained mutation: You can use your snake-like lower body to constrict enemies. [Naga growth]
  3543 | D:4      | Reached XP level 7. HP: 59/61 MP: 10/10
  3679 | D:4      | Found a radiant altar of Vehumet.
  3714 | D:4      | Noticed Grinder
  3723 | D:4      | Killed Grinder
  3723 | D:4      | Reached skill level 8 in Maces & Staves
  4183 | D:4      | Noticed Samantha
  4198 | D:4      | Killed Samantha
  4385 | D:5      | Entered Level 5 of the Dungeon
  4388 | D:5      | Found a burning altar of Makhleb.
  4416 | D:5      | Found a stormy altar of Qazlal.
  4510 | D:5      | Found an iron altar of Okawaru.
  4531 | D:5      | Found a deep blue altar of Sif Muna.
  4588 | D:5      | Reached skill level 1 in Invocations
  4588 | D:5      | Reached XP level 8. HP: 58/72 MP: 11/11
  4674 | D:5      | Got the +2 robe "Leong" {Regen+}
  4717 | D:5      | Noticed a wyvern
  4723 | D:5      | Killed a wyvern
  4723 | D:5      | Reached skill level 9 in Maces & Staves
  4774 | D:5      | Found a sparkling altar of Nemelex Xobeh.
  4808 | D:5      | Noticed a dagger
  4808 | D:5      | Noticed a dagger
  4809 | D:5      | Found a hide-covered altar of Uskayaw.
  5005 | D:6      | Reached *** piety under Makhleb
  5058 | D:6      | Noticed Pikel
  5092 | D:6      | Killed Pikel
  5092 | D:6      | Reached skill level 5 in Fighting
  5092 | D:6      | Reached skill level 10 in Maces & Staves
  5092 | D:6      | Reached XP level 9. HP: 62/81 MP: 13/13
  6063 | D:7      | Found a basalt altar of Yredelemnul.
  6327 | D:7      | Found an ornate altar of the Wu Jian Council.
  6399 | D:7      | Learned a level 1 spell: Summon Butterflies
  6665 | D:8      | Reached skill level 5 in Invocations
  6786 | D:8      | Reached skill level 11 in Maces & Staves
  6805 | D:8      | Reached XP level 10. HP: 92/92 MP: 14/14
  6842 | D:8      | Noticed Grum
  6856 | D:8      | Killed Grum
  7085 | D:8      | Noticed Erica
  7098 | D:8      | Killed Erica
  7098 | D:8      | Reached skill level 12 in Maces & Staves
  7553 | D:8      | Gained mutation: Your tail ends in a sharp poisonous barb. [mutagenic hatch]
  7825 | D:9      | Found an ancient bone altar of Kikubaaqudgha.
  7962 | D:9      | Reached skill level 1 in Evocations
  8126 | D:9      | Reached **** piety under Makhleb
  8444 | D:10     | Entered Level 10 of the Dungeon
  8531 | D:10     | Noticed a two-headed ogre
  8546 | D:10     | Killed a two-headed ogre
  8707 | D:10     | Reached XP level 11. HP: 103/103 MP: 15/15
  8779 | D:10     | Reached skill level 1 in Axes
  9238 | D:11     | Noticed an orc high priest
  9250 | D:11     | Killed an orc high priest
  9385 | D:11     | Reached skill level 5 in Axes
  9444 | D:11     | Noticed a two-headed ogre
  9449 | D:11     | Killed a two-headed ogre
  9666 | D:11     | Reached skill level 1 in Shields
  9861 | D:11     | Noticed a two-headed ogre
  9868 | D:11     | Killed a two-headed ogre
 10127 | D:11     | Found a gateway to a bazaar.
 10134 | Bazaar   | Entered a bazaar
 10134 | Bazaar   | Found Zekame's Book Shop.
 10134 | Bazaar   | Found Usu Cea's Distillery.
 10160 | Bazaar   | Found Xobaemum's Gadget Boutique.
 10194 | Bazaar   | Found Qoinnuu's Armour Shop.
 10200 | Bazaar   | Bought a +2 helmet of magic resistance for 258 gold pieces
 10246 | Bazaar   | Bought a sack of spiders for 220 gold pieces
 10246 | Bazaar   | Bought a lamp of fire for 440 gold pieces
 10318 | D:12     | Reached XP level 12. HP: 73/112 MP: 17/17
 10448 | D:12     | Noticed a two-headed ogre
 10461 | D:12     | Killed a two-headed ogre
 10547 | D:12     | Noticed a centaur warrior
 10558 | D:12     | Killed a centaur warrior
 11044 | D:12     | Noticed a catoblepas
 11057 | D:12     | HP: 1/112 [poisoned by a wolf spider]
 11057 | D:12     | Killed from afar by a catoblepas

Skill      XL: |  1  2  3  4  5  6  7  8  9 10 11 12 |
---------------+-------------------------------------+-----
Maces & Staves | 4 5 6 7 8 10 11 12 | 12.5
Fighting       | 3 5 6 8 |  8.6
Invocations    | 1 3 5 6 |  6.8
Evocations     | 4 |  4.2
Axes           | 8 9 |  9.8
Shields        | 2 3 |  3.8
Throwing       | |  1.7
Dodging        | |  2.4

Action                   |  1- 3 |  4- 6 |  7- 9 | 10-12 || total
-------------------------+-------+-------+-------+-------++-------
Melee: Flail             |   113 |    73 |    80 |       ||   266
       Constrict         |       |       |    40 |    75 ||   115
       Whip              |       |       |    88 |   148 ||   236
       Tailslap          |       |       |       |    52 ||    52
       Broad axe         |       |       |       |   159 ||   159
Throw: Poisoned dart     |       |     2 |       |     2 ||     4
 Cast: Summon Butterflie |       |       |     1 |       ||     1
Invok: Minor Destruction |       |     6 |    47 |     8 ||    61
       Lesser Servant of |       |       |     1 |       ||     1
 Abil: Spit Poison       |    32 |    37 |    36 |    35 ||   140
  Use: Potion            |     1 |       |       |       ||     1
       Scroll            |       |       |     2 |     5 ||     7
 Stab: Invisible         |       |     1 |       |       ||     1
Armor: Leather armour    |    23 |     8 |       |       ||    31
       Ring mail         |       |    10 |       |       ||    10
       Robe              |       |       |    37 |   130 ||   167
Dodge: Dodged            |    43 |    40 |    80 |   105 ||   268
Block: Buckler           |       |       |       |    22 ||    22
